Map: Cyber Forest LE

Players

DnS - Winner!

  • Race: Protoss Protoss
  • Spawn Location: 5:00

HolyHit

  • Race: Protoss Protoss
  • Spawn Location: 11:00

Event: 2019 WCS Spring

VOD

Have the link to the VOD?

Description

Time

  • Played on: May 17, 2019, 7:08 a.m.
  • Length: 9:35

All games in this series

Show
View Real Time Build Order
Export as new Build Order

DnS Protoss - Winner!

Build Orders: Oracle Opening 

Get SALT Encoding   

  12  0:00  Probe  
  13  0:12  Probe  
  14  0:17  Pylon  
  14  0:24  Probe  
  15  0:32  Probe  
  15  0:36  Gateway  
  15  0:40  Probe  
  16  0:46  Assimilator  
  17  0:51  Probe  
  17  0:54  Assimilator  
  18  0:59  Probe  
  19  1:07  Gateway  
  19  1:08  Probe  
  19  1:17  Probe  
  20  1:23  Cybernetics Core  
  21  1:29  Probe  
  22  1:34  Pylon  
  22  1:41  Probe  
  23  1:53  Probe  
  24  1:59  Adept x2  
  24  2:00  Warp Gate  
  28  2:11  Pylon  
  28  2:17  Stargate  
  28  2:29  Adept x2  
  31  2:53  Oracle  
  31  2:59  Adept x2  
  36  3:18  Nexus  
  34  3:20  Probe  
  34  3:23  Oracle  
  35  3:32  Probe  
  39  3:45  Shield Battery  
  39  3:51  Pylon  
  39  4:09  Probe  
  40  4:10  Robotics Facility  
  40  4:11  Stalker, Sentry  
  44  4:19  Probe  
  45  4:27  Probe  
  45  4:30  Probe  
  45  4:31  Shield Battery  
  46  4:36  Probe  
  47  4:42  Probe  
  49  4:48  Sentry, Probe  
  49  4:51  Forge  
  52  4:54  Immortal, Probe  
  53  5:00  Probe  
  53  5:06  Probe  
  59  5:12  Probe  
  60  5:17  Assimilator, Pylon  
  60  5:18  Assimilator  
  60  5:21  Probe  
  61  5:22  Twilight Council  
  61  5:32  Observer, Probe  
  58  5:44  Immortal, Probe  
  56  5:51  Shield Battery  
  56  5:52  Shield Battery  
  56  5:53  Probe  
  56  5:57  Phoenix, Probe  
  61  6:05  Probe  
  61  6:06  Protoss Ground Weapons Level 1  
  61  6:08  Charge  
  61  6:10  Probe  
  63  6:13  Pylon  
  63  6:17  Probe  
  64  6:22  Probe  
  65  6:28  Warp Prism  
  67  6:33  Probe  
  67  6:39  Gateway  
  68  6:49  Stalker x2  
  68  6:50  Observer  
  72  6:54  Gateway  
  72  6:56  Gateway  
  71  7:04  Gateway  
  71  7:18  Immortal  
  71  7:21  Gateway  
  75  7:24  Templar Archives  
  75  7:26  Gateway  
  75  7:30  Pylon x2  
  75  7:47  Nexus  
  75  7:49  Pylon  
  75  7:57  Zealot  
  77  8:03  High Templar  
  77  8:04  High Templar x3  
  85  8:06  Pylon  
  85  8:07  Archon  
  85  8:08  Archon  
  85  8:09  Zealot  
  87  8:12  Pylon  
  87  8:20  Zealot x2  
  87  8:21  Zealot  
  93  8:33  High Templar  
  95  8:38  High Templar  
  95  8:40  Zealot x3  
  95  8:41  Zealot x2  
  105  8:43  Archon  
  105  8:45  Zealot  
  109  9:06  High Templar x2  
  109  9:07  Zealot x5  
  123  9:10  Pylon  
  123  9:11  Archon  
  123  9:17  Zealot  
  125  9:30  Zealot x5  
Show
View Real Time Build Order
Export as new Build Order

HolyHit Protoss 

Build Orders:  

Get SALT Encoding   

  12  0:00  Probe  
  13  0:13  Probe  
  14  0:18  Pylon  
  14  0:24  Probe  
  15  0:32  Probe  
  15  0:38  Gateway  
  15  0:40  Probe  
  16  0:47  Assimilator  
  17  0:51  Probe  
  17  0:54  Assimilator  
  18  1:02  Probe  
  19  1:10  Probe, Gateway  
  20  1:18  Probe  
  21  1:25  Cybernetics Core  
  21  1:30  Probe  
  22  1:35  Pylon  
  22  1:42  Probe  
  23  1:54  Probe  
  24  2:02  Warp Gate, Sentry  
  24  2:04  Stalker  
  28  2:11  Pylon  
  28  2:19  Pylon  
  28  2:28  Adept  
  30  2:34  Adept  
  32  2:46  Robotics Facility  
  32  2:54  Nexus  
  32  3:04  Probe  
  28  3:13  Probe  
  28  3:21  Probe  
  29  3:34  Immortal  
  29  3:37  Probe  
  32  3:53  Stalker  
  32  3:54  Stalker  
  36  3:57  Probe  
  37  4:07  Probe  
  38  4:20  Stalker x2  
  38  4:21  Probe  
  38  4:22  Probe  
  43  4:29  Probe  
  43  4:30  Observer  
  45  4:37  Forge  
  46  4:41  Probe  
  46  4:42  Probe  
  48  4:53  Sentry x2, Probe  
  48  4:54  Probe  
  54  5:04  Warp Prism  
  52  5:09  Probe  
  52  5:10  Protoss Ground Weapons Level 1  
  53  5:17  Probe  
  53  5:28  Probe  
  53  5:32  Stalker x2  
  53  5:34  Probe  
  51  5:36  Probe  
  51  5:42  Probe  
  52  5:44  Probe  
  54  5:54  Probe  
  54  6:01  Pylon  
  54  6:05  Assimilator  
  54  6:07  Assimilator  
  54  6:08  Twilight Council  
  54  6:19  Observer, Probe x2, Pylon  
  57  6:29  Adept x2  
  57  6:31  Probe  
  62  6:37  Probe, Pylon  
  62  6:38  Pylon  
  63  6:43  Probe  
  63  6:45  Immortal  
  68  6:49  Probe  
  69  6:55  Probe  
  69  7:00  Protoss Ground Weapons Level 2  
  71  7:03  Gateway  
  71  7:06  Gateway  
  65  7:11  Gateway  
  64  7:17  Observer  
  64  7:18  Gateway  
  64  7:24  Zealot x2  
  64  7:25  Charge  
  64  7:28  Templar Archives  
  68  7:37  Pylon  
  68  7:43  Warp Prism  
  67  7:51  Zealot x2  
  73  8:00  Gateway  
  73  8:02  Gateway  
  73  8:05  Zealot x2  
  76  8:09  High Templar  
  76  8:12  High Templar  
  80  8:13  High Templar x2  
  80  8:18  Archon  
  80  8:19  Archon  
  81  8:25  Probe  
  81  8:26  Probe  
  80  8:32  Immortal  
  80  8:33  Zealot x2  
  88  8:38  Pylon  
  88  8:43  Pylon  
  88  8:51  Zealot x2  
  92  9:00  High Templar x2  
  92  9:02  Zealot x2  
  100  9:04  Archon  
  96  9:11  Observer, Pylon  
  97  9:19  Zealot x3  
  97  9:20  Zealot x2  
  107  9:27  Zealot  
Tags
 
Add a new tag
Caveats
  • Supply blocks, unpowered buildings, or Contaminate may cause inaccurate times.
  • Supply counts are checked every 10 seconds.